 Dungeon Sprint DCSS version 0.28-a0-1447-ga5a8893891 (webtiles) character file.

Game seed: 16651032133062249876

1290 DarkBird the Martial Artist (level 8, -12/57 HPs)
             Began as a Demonspawn Transmuter on Jan 11, 2022.
             Was an Initiate of Hepliaklqana.
             Mangled by a two-headed ogre (27 damage)
             ... in the Dungeon (Sprint III: "The Ten Rune Challenge").
             The game lasted 00:13:22 (1629 turns).

DarkBird the Martial Artist (Demonspawn Transmuter) Turns: 1629, Time: 00:13:22

Health: -12/57     AC:  5    Str: 10    XL:     8   Next: 30%
Magic:  20/20      EV: 14    Int: 15    God:    Hepliaklqana [......]
Gold:   41         SH:  0    Dex: 16    Spells: 14/24 levels left

rFire   . . .      SeeInvis .     - Unarmed
rCold   . . .      Faith    .   (no shield)
rNeg    . . .      Spirit   .   l - +0 leather armour
rPois   .          Reflect  .   (helmet currently unavailable)
rElec   .          Harm     .   (no cloak)
rCorr   .          Rampage  .   (no gloves)
Will    .....      Clarity  +   (boots currently unavailable)
Stlth   ++........ NoTele   +   (no amulet)
HPRegen 0.19/turn               (no ring)
MPRegen 0.34/turn               (no ring)

@: appendages (expiring), wereblooded, on berserk cooldown, slowed, very slow
A: horns 2, talons 2, hooves 2, icy blue scales 1, demonic guardian 1, magic
regeneration, clarity
a: End Transformation, Renounce Religion


You were in the Dungeon.
You worshipped Hepliaklqana.
Hepliaklqana was noncommittal.
You had temporarily grown beastly horns and talons.
You visited 1 branch You collected 41 gold pieces.

Inventory:

Missiles
 h - 8 sling bullets
Armour
 a - a +0 robe
 l - a +0 leather armour (worn)
Scrolls
 i - a scroll of torment {unknown}
 k - a scroll of holy word
Potions
 e - 2 potions of magic
 j - 3 potions of flight
Miscellaneous
 b - a phantom mirror (inert)


   Skills:
 + Level 2.5 Fighting
 + Level 6.4 Dodging
 + Level 3.6 Stealth
 + Level 11.0 Unarmed Combat
 + Level 8.5 Spellcasting
 + Level 7.1 Transmutations
 + Level 0.4 Ice Magic
 + Level 0.9 Poison Magic


You had 14 spell levels left.
You knew the following spells:

 Your Spells              Type           Power      Damage    Failure   Level
a - Beastly Appendage     Tmut           54%        N/A       1%          1
b - Wereblood             Tmut           27%        N/A       1%          2
c - Spider Form           Tmut/Pois      18%        N/A       9%          3
d - Ice Form              Ice/Tmut       17%        N/A       32%         4

Your spell library contained the following spells:

 Spells                   Type           Power      Damage    Failure   Level
 Ignite Poison            Fire/Tmut/Pois 14%        N/A       16%         3
 Frozen Ramparts          Ice            14%        1d3       36%         3
 Mephitic Cloud           Conj/Pois/Air  7%         N/A       38%         3
 Summon Ice Beast         Ice/Summ       7%         N/A       80%         4
 Freezing Cloud           Conj/Ice/Air   3%         6-21      99%         5


Dungeon Overview and Level Annotations

Branches:
Dungeon (1/1)

Altars:
Cheibriados
Dithmenos
Elyvilon
Fedhas
Gozag
Hepliaklqana
Kikubaaqudgha
Makhleb
Nemelex Xobeh
Okawaru
Qazlal
Ru
Sif Muna
Trog
Uskayaw
Vehumet
Wu Jian
Xom
Yredelemnul
Zin
The Shining One
Beogh
Jiyva
Lugonu


Innate Abilities, Weirdness & Mutations

You have temporarily grown beastly horns and talons.
You have hoof-like feet.
You are partially covered in icy blue scales. (AC +2)
A weak demonic guardian rushes to your aid.
You regenerate magic rapidly.
You possess an exceptional clarity of mind.


Message History

You are too injured to fight recklessly!
Casting: Beastly Appendage (safe; 1% risk of failure)
Press: ? - help, Q - select action, (/) - cycle Dir - look around, f - activate You grow a pair of large bovine horns.
Your feet morph into talons.
Casting: Wereblood (safe; 1% risk of failure)
Press: ? - help, Q - select action, (/) - cycle Dir - look around, f - activate Your blood is infused with primal strength.
Unknown command.
The phantom mirror is presently inert.
There is a fountain of clear blue water here.
A red film seems to cover your vision as you go berserk!
You feel yourself moving faster!
You feel mighty!
The two-headed ogre hits you with a +0 great mace!
* * * LOW HITPOINT WARNING * * *
The two-headed ogre closely misses you.
Attack: -) Nothing wielded
Press: ? - help, Dir - move target, f - two-headed ogre
Aim: a two-headed ogre, wielding a +0 great mace and a +0 giant spiked club (heavily wounded, about 21% to evade your hands)
You punch the two-headed ogre!
The two-headed ogre is almost dead.
You barely miss the two-headed ogre. You claw the two-headed ogre!
You feel a bit better.
You kill the two-headed ogre!
Your Unarmed Combat skill increases to level 11!
You howl as the wereblood boils in your veins!
Things that are here:
a +0 great mace; a +0 giant spiked club; a two-headed ogre corpse You feel a strong urge to attack something.
You feel your anger nearly subside.
You are no longer berserk.
You are exhausted.
You feel yourself slow down.
You howl as the wereblood boils in your veins!
Your transformation is almost over.
The two-headed ogre shouts in stereo!
The two-headed ogre closely misses you. x2
There is an open door here.
The two-headed ogre misses you.
The two-headed ogre hits you with a +0 giant club!!
You die...

▓▓▓ ##.############
####..#___#___#__#
#..#..#...#__)#._#
#..#..###'#'###'##
##'#..#...)......#
###...'.⌠).......#
###...#...######'#
##....#.⌠.#__#.O@#+# ##
# #.....#...#__#...#..
.#.#
......#'###__#...##.#.)#
#.....#)).#_v#...'##.#
##....#___#__+...#5O.#
▓▓▓▓▓▓▓▓▓▓▓▓▓▓▓▓▓▓▓▓▓


You could see a two-headed ogre.

Vanquished Creatures
  A deep elf pyromancer (D)
  A shadow (D)
  A necrophage (D)
  A two-headed ogre (D)
  A water elemental (D)
  A jelly (D)
  Jessica (D)
  A wizard (D)
  A necromancer (D)
  3 humans (D)
  A kobold demonologist (D)
  A phantom (D)
  An endoplasm (D)
  A rat (D)
16 creatures vanquished.

Vanquished Creatures (collateral kills)
  A two-headed ogre (D)
1 creature vanquished.

Grand Total: 17 creatures vanquished

Notes
Turn   | Place    | Note
-------+----------+-------------------------------------------
     0 | D        | DarkBird the Demonspawn Transmuter began the quest for the
                  | Orb.
     0 | D        | Reached XP level 1. HP: 15/15 MP: 3/3
    18 | D        | Reached skill level 3 in Unarmed Combat
   164 | D        | Noticed Jessica
   170 | D        | Killed Jessica
   171 | D        | Reached skill level 4 in Unarmed Combat
   171 | D        | Gained mutation: A weak demonic guardian rushes to your
                  | aid. [demonic ancestry]
   171 | D        | Reached XP level 2. HP: 20/21 MP: 3/6
   186 | D        | Learned a level 2 spell: Wereblood
   232 | D        | Reached skill level 5 in Unarmed Combat
   232 | D        | Gained mutation: You are partially covered in icy blue
                  | scales. (AC +2) [demonic ancestry]
   232 | D        | Reached XP level 3. HP: 18/26 MP: 3/7
   370 | D        | Gained mutation: Potions are less effective at restoring
                  | your health. [potion of mutation]
   370 | D        | Gained mutation: You possess an exceptional clarity of
                  | mind. [potion of mutation]
   370 | D        | Gained mutation: You have supernaturally acute eyesight.
                  | (SInv) [potion of mutation]
   371 | D        | Lost mutation: You have supernaturally acute eyesight.
                  | (SInv) [potion of mutation]
   371 | D        | Lost mutation: Potions are less effective at restoring your
                  | health. [potion of mutation]
   371 | D        | Lost mutation: You possess an exceptional clarity of mind.
                  | [potion of mutation]
   371 | D        | Gained mutation: You have sharp toenails. [potion of
                  | mutation]
   371 | D        | Gained mutation: You are agile. (Dex +2) [potion of
                  | mutation]
   372 | D        | Lost mutation: You are agile. (Dex +2) [potion of mutation]
   372 | D        | Lost mutation: You have sharp toenails. [potion of
                  | mutation]
   372 | D        | Gained mutation: You have large cloven feet. [potion of
                  | mutation]
   372 | D        | Gained mutation: You are weak. (Str -2) [potion of
                  | mutation]
   372 | D        | Gained mutation: Potions are less effective at restoring
                  | your health. [potion of mutation]
   372 | D        | Lost mutation: You are weak. (Str -2) [potion of mutation]
   373 | D        | Lost mutation: Potions are less effective at restoring your
                  | health. [potion of mutation]
   373 | D        | Lost mutation: You have large cloven feet. [potion of
                  | mutation]
   373 | D        | Gained mutation: You possess an exceptional clarity of
                  | mind. [potion of mutation]
   408 | D        | Noticed a water elemental
   416 | D        | Killed a water elemental
   417 | D        | Reached skill level 6 in Unarmed Combat
   417 | D        | Lost mutation: You have razor-sharp toenails. [demonic
                  | ancestry]
   417 | D        | Lost mutation: You have sharp toenails. [demonic ancestry]
   417 | D        | Gained mutation: You have large cloven feet. [demonic
                  | ancestry]
   417 | D        | Reached XP level 4. HP: 32/32 MP: 7/10
   421 | D        | Learned a level 3 spell: Spider Form
   430 | D        | Noticed a deep elf pyromancer
   438 | D        | Noticed a fire elemental
   441 | D        | Killed a deep elf pyromancer
   442 | D        | Reached skill level 5 in Dodging
   442 | D        | Reached skill level 9 in Unarmed Combat
   442 | D        | Reached skill level 5 in Transmutations
   442 | D        | Gained mutation: You have hoof-like feet. [demonic
                  | ancestry]
   442 | D        | Reached XP level 5. HP: 13/38 MP: 9/14
   442 | D        | Reached XP level 6. HP: 15/44 MP: 10/16
   442 | D        | Reached XP level 7. HP: 17/50 MP: 10/17
   644 | D        | Found a hide-covered altar of Uskayaw.
   644 | D        | Found an iron altar of Okawaru.
   644 | D        | Found a bloodstained altar of Trog.
   644 | D        | Found an ornate altar of the Wu Jian Council.
   644 | D        | Noticed a human
   650 | D        | Killed a human
   651 | D        | Noticed a human
   664 | D        | Killed a human
   665 | D        | Reached skill level 10 in Unarmed Combat
   826 | D        | Found a basalt altar of Yredelemnul.
   826 | D        | Found a shadowy altar of Dithmenos.
   826 | D        | Found a sacrificial altar of Ru.
  1115 | D        | Learned a level 4 spell: Ice Form
  1125 | D        | Found a radiant altar of Vehumet.
  1125 | D        | Found a shimmering blue altar of Sif Muna.
  1125 | D        | Found an ancient bone altar of Kikubaaqudgha.
  1130 | D        | Noticed a red devil
  1542 | D        | Noticed a shadow
  1550 | D        | Killed a shadow
  1551 | D        | Gained mutation: You regenerate magic rapidly. [demonic
                  | ancestry]
  1551 | D        | Reached XP level 8. HP: 48/57 MP: 13/20
  1561 | D        | Found a blossoming altar of Fedhas.
  1561 | D        | Found a stormy altar of Qazlal.
  1561 | D        | Found a snail-covered altar of Cheibriados.
  1561 | D        | Found a burning altar of Makhleb.
  1561 | D        | Found a shimmering altar of Xom.
  1562 | D        | Found a hazy altar of Hepliaklqana.
  1562 | D        | Found an opulent altar of Gozag.
  1562 | D        | Found a sparkling altar of Nemelex Xobeh.
  1562 | D        | Found a corrupted altar of Lugonu.
  1562 | D        | Found a viscous altar of Jiyva.
  1571 | D        | Became a worshipper of Hepliaklqana the Forgotten
  1620 | D        | Reached skill level 11 in Unarmed Combat
  1629 | D        | Mangled by a two-headed ogre

Illustrated notes

Levels and vault maps discovered:
D:        dungeon_sprint_mu [sprint_mu_entry_cave, sprint_mu_temple_rooms,
          sprint_mu_d1_spiders, sprint_mu_d2_genie, sprint_mu_d3_branching,
          sprint_mu_orc_legion, sprint_mu_elf_gauntlet, sprint_mu_hive_nellie,
          sprint_mu_lair_fedhas, sprint_mu_vaults_butterflies,
          sprint_mu_slime_circle, sprint_mu_swamp_cave, sprint_mu_snake_twists,
          sprint_mu_blade_basic, sprint_mu_crypt_fortress,
          sprint_mu_tomb_spiral, sprint_mu_vestibule_basic,
          sprint_mu_gehenna_hellfire, sprint_mu_dis_giant,
          sprint_mu_tartarus_statrot, sprint_mu_cocytus_islands, sprint_mu_zot1]

Skill      XL: |  1  2  3  4  5  6  7  8 |
---------------+-------------------------+-----
Dodging        | 2 3 5 6 |  6.4
Unarmed Combat | 4 5 6 9 10 11 | 11.0
Spellcasting   | 3 4 7 8 |  8.5
Transmutations | 2 3 5 6 7 |  7.1
Fighting       | 2 |  2.5
Stealth        | 2 3 |  3.6
Ice Magic      | |  0.4
Poison Magic   | |  0.9

Action                   |  1- 3 |  4- 6 |  7- 9 || total
-------------------------+-------+-------+-------++-------
Melee: Unarmed           |    27 |     8 |    43 ||    78
       Kick              |     7 |     3 |     4 ||    14
       Headbutt          |     4 |     2 |     3 ||     9
 Cast: Beastly Appendage |     6 |     1 |     4 ||    11
       Wereblood         |     3 |       |     6 ||     9
       Spider Form       |       |       |     2 ||     2
       Ice Form          |       |       |     1 ||     1
Evoke: Phantom mirror    |       |       |     1 ||     1
  Use: Potion            |     5 |     1 |     4 ||    10
       Scroll            |     2 |       |     2 ||     4
 Stab: Distracted        |       |     1 |       ||     1
Armor: Robe              |     2 |       |     4 ||     6
Dodge: Dodged            |    14 |     3 |    54 ||    71

Table legend: (Time is in decaauts)
 A = Elapsed time spent in this place.
 B = Non-inter-level travel time spent in this place.
 C = Inter-level travel time spent in this place.
 D = Time resting spent in this place.
 E = Time spent auto-exploring this place.
 F = Levels seen in this place.
 G = Mean time per level.
                   A        B        C        D        E       F      G
               +--------+--------+--------+--------+--------+-----+--------+
         Total |   1598 |   1531 |     67 |   1210 |      1 |   1 | 1598.0 |
       Dungeon |   1598 |   1531 |     67 |   1210 |      1 |   1 | 1598.0 |
               +--------+--------+--------+--------+--------+-----+--------+

Top non-repeatable levels by time:
       D: 1598 daAuts
